 Dungeon Crawl Stone Soup version 0.28.0-45-g0d030f2227 (webtiles) character file.

Game seed: 5824063132044682629

11056 Icepheonix32 the Fighter (level 11, -20/133 HPs)
             Began as a Demonspawn Fighter on Apr 10, 2022.
             Was a Follower of Uskayaw.
             Demolished by an enormous slime creature (64 damage)
             ... on level 9 of the Dungeon.
             The game lasted 00:19:03 (11728 turns).

Icepheonix32 the Fighter (Demonspawn Fighter)      Turns: 11728, Time: 00:19:04

Health: -20/133    AC: 17    Str: 19    XL:     11   Next: 44%
Magic:  17/17      EV: 12    Int: 12    God:    Uskayaw [*.....]
Gold:   82         SH:  0    Dex: 14    Spells: 15/18 levels left

rFire   . . .      SeeInvis +   D - +5 rapier
rCold   . . .      Faith    .   K - orb {mayhem}
rNeg    . . .      Spirit   .   b - +0 scale mail
rPois   .          Reflect  .   e - +2 helmet {SInv}
rElec   .          Harm     .   I - +0 cloak
rCorr   .          Rampage  .   H - +0 pair of gloves
Will    .....                   (boots unavailable)
Stlth   ..........              (no amulet)
HPRegen 0.32/turn               f - ring of wizardry
MPRegen 0.15/turn               t - +4 ring of protection

@: berserking, unable to read, very quick
A: hooves 3, ignite blood 2, sturdy frame 1, clever 1, inability to read while
threatened
a: Renounce Religion, Stomp


You were on level 9 of the Dungeon.
You worshipped Uskayaw.
Uskayaw was noncommittal.
You visited 2 branches of the dungeon, and saw 11 of its levels.

You collected 344 gold pieces.
You spent 262 gold pieces at shops.

Inventory:

Hand Weapons
 a - a +5 long sword of freezing
 h - a +2 antimagic whip
 D - a +5 rapier (weapon)
 Q - a +3 fustibalus of flaming
Missiles
 k - 23 poisoned darts
 F - 5 throwing nets
 N - a curare-tipped dart
Armour
 b - a +0 scale mail (worn)
 c - a +0 buckler
 e - a +2 helmet of see invisible (worn)
 B - a +2 chain mail of cold resistance
 H - a +0 pair of gloves (worn)
 I - a +0 cloak (worn)
 J - a +0 troll leather armour
 K - an orb of mayhem (worn)
 P - the +3 plate armour of Restlessness {rPois MP+9 Str+3}
   (You found it on level 10 of the Dungeon)

   Str:       It affects your strength (+3).
   rPois:     It protects you from poison.
   MP:        It affects your magic capacity (+9).
Magical Staves
 x - a staff of poison
Jewellery
 f - a ring of wizardry (left hand)
 i - a ring of resist corrosion
 n - a ring of wizardry
 q - a ring of fire
 s - the ring of Xakukkih {+Blink Will- rCorr SInv}
   (You found it on level 3 of the Dungeon)

   [ring of see invisible]

   SInv:      It lets you see invisible.
   +Blink:    It lets you blink.
   rCorr:     It protects you from acid and corrosion.
   Will:      It decreases your willpower.
 t - a +4 ring of protection (right hand)
 O - a +4 ring of evasion
Wands
 d - a wand of digging (8)
 E - a wand of polymorph (4)
Scrolls
 g - 2 scrolls of fear
 l - 6 scrolls of teleportation
 r - a scroll of summoning
 u - 3 scrolls of amnesia
 v - a scroll of identify
 w - a scroll of blinking
 y - a scroll of immolation
 z - a scroll of magic mapping
 C - 2 scrolls of fog
 G - a scroll of silence
 R - a scroll of enchant weapon
Potions
 j - 2 potions of invisibility
 m - 2 potions of ambrosia
 o - a potion of attraction
 p - a potion of haste
 A - a potion of mutation
 L - a potion of resistance


   Skills:
 + Level 9.4 Fighting
 + Level 8.7(8.9) Short Blades
 - Level 2.0(5.8) Long Blades
 + Level 0.9 Throwing
 + Level 7.2 Armour
 + Level 3.7 Dodging
 + Level 4.0 Stealth
 - Level 4.0 Shields
 + Level 4.2 Spellcasting
 + Level 5.1 Transmutations
 * Level 2.2 Invocations


You had 15 spell levels left.
You knew the following spells:

 Your Spells              Type           Power      Damage    Failure   Level
a - Wereblood             Tmut           14%        N/A       3%          2
b - Beastly Appendage     Tmut           28%        N/A       1%          1

Your spell library contained the following spells:

 Spells                   Type           Power      Damage    Failure   Level
 Passwall                 Tmut/Erth      6%         N/A       9%          2
 Spider Form              Tmut/Pois      8%         N/A       16%         3
 Ignite Poison            Fire/Tmut/Pois 6%         N/A       24%         3
 Confusing Touch          Hex            2%         N/A       43%         3
 Conjure Flame            Conj/Fire      2%         6-21      43%         3
 Dazzling Flash           Conj/Hex       4%         N/A       43%         3
 Ozocubu's Armour         Ice            2%         N/A       43%         3
 Sticky Flame             Conj/Fire      2%         2d3       82%         4
 Ozocubu's Refrigeration  Ice            1%         4d5       100%        7


Dungeon Overview and Level Annotations

Branches:
Dungeon (10/15)            Temple (1/1) D:6            Lair (0/6) D:9
    Orc (0/2) D:9

Altars:
Ashenzari
Cheibriados
Dithmenos
Elyvilon
Fedhas
Gozag
Hepliaklqana
Kikubaaqudgha
Makhleb
Nemelex Xobeh
Okawaru
Qazlal
Ru
Sif Muna
Trog
Uskayaw
Vehumet
Wu Jian
Xom
Yredelemnul
Zin
The Shining One

Shops:
D:4 !=(   D:7 *   D:9 !

Annotations:
D:9 1 runed translucent door, FuzzyBison's ghost, novice GnSu


Innate Abilities, Weirdness & Mutations

You have hooves in place of feet.
Your demonic aura often causes spilled blood to erupt in flames.
Your movements are slightly less encumbered by armour. (ER -2)
Your mind is acute. (Int +2)
You sometimes lose the ability to read scrolls when taking damage.


Message History

There is an open door here.
There is an open door here.
There is an open door here.
Okay, then.
The acid dragon spits acid at you. The splash of acid hits you!
You feel threatened and lose the ability to read scrolls!
* * * LOW HITPOINT WARNING * * *
The acid corrodes you!
There is an escape hatch in the ceiling here.
The enormous slime creature hits you but does no damage.
A mysterious force pulls you upwards. The hatch slams shut behind you.
Level annotation: 1 runed translucent door, FuzzyBison's ghost, novice GnSu
Things that are here:
a +0 robe; a +0 dagger You can read scrolls again.
Things that are here:
a +0 short sword; a +0 ring mail; a +0 hand axe of venom
Things that are here:
a +0 robe; a +0 whip
Things that are here:
a +0 chain mail; a +0 vorpal war axe; a +0 buckler You are no longer corroded.
The enormous slime creature jiggles.
There is an open door here.
You puncture the enormous slime creature!
The enormous slime creature is lightly wounded.
The enormous slime creature hits you.
Okay, then.
A red film seems to cover your vision as you go berserk!
You feel yourself moving faster!
You feel mighty!
The enormous slime creature hits you but does no damage.
You puncture the enormous slime creature!
The enormous slime creature is lightly wounded.
You puncture the enormous slime creature!
You kick the enormous slime creature!
The enormous slime creature is lightly wounded.
The enormous slime creature hits you!!!
You feel threatened and lose the ability to read scrolls!
You die...

###############..# #..#...#####
#............#..# #..#...#
#............##.#####......#
#............##..##........#####
#............##..##.>...........
##............##..##....##.######
..............##........##.#
..............##.#.###..##.#
..............##@#.# #..##.######
..............##J#.###..##.##....
..............##.#..##...#.##....
..............'.....##...#.##....
..............#####..#...#.##....
.[##################.#.#.#.##....
)[### #.†.............#.##....
[[).# #.##########..#.#.##....
#...######'#### #..###.##....


You could see an enormous slime creature.

Vanquished Creatures
  Harold (D:9)
  A hydra (D:9)
  2 two-headed ogres
  An ugly thing (D:7)
  4 centaur zombies
  A troll (D:9)
  A slime creature (D:10)
  A shadow (D:6)
  13 yaks
  2 wyverns (D:9)
  A wraith (D:8)
  2 steam dragons
  Grum (D:9)
  4 wargs (D:9)
  2 water moccasins (D:6)
  A black bear (D:8)
  4 orc warriors
  An ice beast (D:7)
  2 sky beasts
  2 ogres
  3 wolves (D:9)
  A centaur (D:9)
  2 phantoms (D:5)
  2 kobold brigands
  A wyvern zombie (D:6)
  3 bullfrogs
  2 scorpions
  9 killer bees
  8 wights
  A howler monkey (D:9)
  A bullfrog zombie (D:6)
  A jelly (D:5)
  3 orc priests
  6 hounds
  3 centaur skeletons
  2 gnoll shamans
  6 orc wizards
  Natasha (thrice) (D:4)
  An iguana (D:5)
  2 killer bee zombies
  A howler monkey zombie (D:7)
  A howler monkey skeleton (D:5)
  21 gnolls
  2 adders
  A white imp (D:5)
  An adder skeleton (D:4)
  A worm (D:2)
  4 dart slugs
  30 orcs
  6 ball pythons
  9 endoplasms
  2 giant cockroaches
  3 goblins
  7 hobgoblins
  3 jackals (D:3)
  6 quokkas
  9 bats
  3 frilled lizards
  19 kobolds
  7 rats
243 creatures vanquished.

Vanquished Creatures (collateral kills)
  A yak (D:10)
1 creature vanquished.

Vanquished Creatures (others)
  A gnoll (D:8)
1 creature vanquished.

Grand Total: 245 creatures vanquished

Notes
Turn   | Place    | Note
-------+----------+-------------------------------------------
     0 | D:1      | Icepheonix32 the Demonspawn Fighter began the quest for the
                  | Orb.
     0 | D:1      | Reached XP level 1. HP: 18/18 MP: 1/1
   250 | D:1      | Found a faded altar of an unknown god.
   283 | D:1      | Gained mutation: You have large cloven feet. [demonic
                  | ancestry]
   283 | D:1      | Reached XP level 2. HP: 19/24 MP: 2/2
  1203 | D:2      | Gained mutation: You have hoof-like feet. [demonic
                  | ancestry]
  1203 | D:2      | Reached XP level 3. HP: 26/29 MP: 3/3
  1558 | D:2      | Noticed a scorpion
  1564 | D:2      | Killed a scorpion
  1565 | D:2      | Reached skill level 1 in Stealth
  1565 | D:2      | Gained mutation: Your demonic aura sometimes causes spilled
                  | blood to erupt in flames. [demonic ancestry]
  1565 | D:2      | Reached XP level 4. HP: 31/37 MP: 4/4
  1796 | D:2      | Learned a level 2 spell: Wereblood
  1881 | D:2      | Learned a level 1 spell: Beastly Appendage
  2127 | D:3      | Identified the ring of Xakukkih {+Blink Will- rCorr SInv}
  2237 | D:3      | Reached skill level 4 in Fighting
  2243 | D:3      | Gained mutation: Your demonic aura often causes spilled
                  | blood to erupt in flames. [demonic ancestry]
  2243 | D:3      | Reached XP level 5. HP: 31/42 MP: 5/5
  2817 | D:3      | Found a burning altar of Makhleb.
  2982 | D:3      | Reached skill level 1 in Transmutations
  3149 | D:4      | Noticed Natasha
  3428 | D:4      | Killed Natasha
  3429 | D:4      | Reached XP level 6. HP: 42/49 MP: 3/6
  3492 | D:4      | Noticed Natasha
  3530 | D:4      | Killed Natasha
  3531 | D:4      | Reached skill level 1 in Short Blades
  3794 | D:4      | You fall into a shaft and drop 1 floor!
  3794 | D:5      | Entered Level 5 of the Dungeon
  3927 | D:5      | Noticed a sky beast
  3946 | D:5      | Killed a sky beast
  3947 | D:5      | Reached skill level 1 in Dodging
  3953 | D:5      | Reached XP level 7. HP: 37/55 MP: 7/7
  4169 | D:4      | Found Satat's Distillery.
  4177 | D:4      | Bought 2 potions of heal wounds for 100 gold pieces
  4199 | D:4      | Found Bucvips's Weapon Emporium.
  4253 | D:4      | Noticed Natasha
  4261 | D:4      | Killed Natasha
  4562 | D:4      | Found Qeummivi's Jewellery Shop.
  4691 | D:5      | Reached skill level 1 in Spellcasting
  4698 | D:5      | Reached skill level 5 in Fighting
  5051 | D:5      | Gained mutation: You have hooves in place of feet. [demonic
                  | ancestry]
  5051 | D:5      | Reached XP level 8. HP: 64/64 MP: 10/10
  5383 | D:6      | Gained mutation: Your movements are slightly less
                  | encumbered by armour. (ER -2) [potion of mutation]
  5383 | D:6      | Gained mutation: You sometimes lose the ability to read
                  | scrolls when taking damage. [potion of mutation]
  5383 | D:6      | Gained mutation: Your mind is acute. (Int +2) [potion of
                  | mutation]
  5653 | D:6      | Reached skill level 5 in Armour
  5792 | D:6      | Reached skill level 6 in Fighting
  5838 | D:6      | Found a staircase to the Ecumenical Temple.
  5872 | Temple   | Entered the Ecumenical Temple
  6164 | Temple   | Became a worshipper of Uskayaw the Reveller
  6210 | D:6      | Reached * piety under Uskayaw
  6360 | D:6      | Reached ** piety under Uskayaw
  6362 | D:6      | Reached *** piety under Uskayaw
  6722 | D:6      | Reached **** piety under Uskayaw
  6724 | D:6      | Reached XP level 9. HP: 54/71 MP: 8/13
  6728 | D:6      | Reached ***** piety under Uskayaw
  6729 | D:6      | Reached skill level 5 in Short Blades
  7106 | D:7      | Found Nastioppu's General Store.
  7114 | D:7      | Bought a potion of degeneration for 14 gold pieces
  7114 | D:7      | Bought a scroll of fog for 28 gold pieces
  7457 | D:7      | Reached skill level 7 in Fighting
  7502 | D:7      | Noticed a green ugly thing
  7511 | D:7      | Killed a green ugly thing
  8242 | D:8      | Mutation became permanent: Your movements are slightly less
                  | encumbered by armour. (ER -2) [demonic ancestry]
  8242 | D:8      | Gained mutation: Your movements are slightly less
                  | encumbered by armour. (ER -2) [demonic ancestry]
  8242 | D:8      | Reached XP level 10. HP: 41/80 MP: 12/15
  8757 | D:9      | Noticed Grum
  8773 | D:9      | Killed Grum
  9191 | D:9      | Found a staircase to the Lair.
  9226 | D:9      | Noticed a two-headed ogre
  9237 | D:9      | Killed a two-headed ogre
  9238 | D:9      | Reached skill level 8 in Fighting
  9240 | D:9      | Noticed Harold
  9244 | D:9      | Found Vigaurphi's Distillery.
  9263 | D:9      | Killed Harold
  9267 | D:9      | Reached ****** piety under Uskayaw
  9366 | D:9      | Bought a potion of resistance for 120 gold pieces
  9398 | D:9      | Noticed a six-headed hydra
  9406 | D:9      | Killed a six-headed hydra
  9857 | D:9      | Found a staircase to the Orcish Mines.
  9864 | D:9      | Reached XP level 11. HP: 61/87 MP: 17/17
  9866 | D:9      | Reached skill level 9 in Fighting
 10152 | D:9      | Found a runed translucent door.
 10153 | D:9      | Found a shimmering altar of Xom.
 10153 | D:9      | Noticed FuzzyBison's ghost (novice GnSu)
 10154 | D:9      | Noticed a +1 long sword of chaos
 10794 | D:8      | Reached skill level 5 in Transmutations
 10898 | D:10     | Entered Level 10 of the Dungeon
 10939 | D:10     | Reached skill level 1 in Invocations
 11344 | D:10     | Got the Collected Works on the Mutagenic Oath
 11352 | D:10     | Identified the +3 plate armour of Restlessness {rPois MP+9
                  | Str+3}
 11427 | D:10     | Noticed a two-headed ogre
 11436 | D:10     | Killed a two-headed ogre
 11728 | D:9      | Demolished by an enormous slime creature

Illustrated notes

Levels and vault maps discovered:
D:1:      sevenhm_arrival_forest_fort_small_3, layout_basic,
          basic_ecumenical_altar
D:2:      layout_rooms, minmay_pentomino_pile
D:3:      layout_basic, bloody_makhleb, hangedman_abyss_or_decor_lesser_grid,
          minmay_misc_feat_square, chequers_serial_rivers_micro_c
D:4:      layout_basic, serial_shops, kennysheep_mini_moat,
          nicolae_lakefront_shop, nicolae_shop_waterfront, uniq_natasha
D:5:      layout_rooms, hangedman_decor_opposing, serial_park_tiny_pond,
          hex_intersection
D:6:      layout_basic, minmay_temple_entry_ruins, chequers_decorated_corner
D:7:      layout_loops_ring, serial_shops, nicolae_shop_hallway_plus
D:8:      layout_basic
D:9:      layout_basic, lair_entry_dummy, minmay_orc_entry_guard_dogs,
          serial_shops, shop, ebering_ghost_xom, minmay_circle_x, uniq_grum,
          uniq_harold
D:10:     layout_roguey, hangedman_abyss_or_decor_slice,
          lemuel_flamethrower_hall
Temple:   mainiacjoe_temple_hex_bubbles

Skill      XL: |  1  2  3  4  5  6  7  8  9 10 11 |
---------------+----------------------------------+-----
Long Blades    | 2 |  2.0
Armour         | 3 4 5 6 7 |  7.2
Shields        | 3 4 |  4.0
Stealth        | 1 2 3 4 |  4.0
Fighting       | 4 5 6 7 8 9 |  9.4
Transmutations | 1 2 3 4 5 |  5.1
Short Blades   | 1 3 4 6 8 |  8.7
Dodging        | 1 2 3 |  3.7
Spellcasting   | 1 2 3 4 |  4.2
Invocations    | 2 |  2.2
Throwing       | |  0.9

Action                   |  1- 3 |  4- 6 |  7- 9 | 10-12 || total
-------------------------+-------+-------+-------+-------++-------
Melee: Long sword        |   118 |    53 |       |       ||   171
       Kick              |    19 |    51 |    85 |    89 ||   244
       Short sword       |       |   144 |    72 |       ||   216
       Headbutt          |       |     2 |    26 |     8 ||    36
       Rapier            |       |       |   153 |   223 ||   376
Throw: Dart              |     1 |     4 |       |     8 ||    13
       Throwing net      |       |       |       |     1 ||     1
 Cast: Beastly Appendage |       |     5 |    17 |     5 ||    27
       Wereblood         |       |     3 |     3 |     5 ||    11
  Use: Potion            |       |     3 |     4 |     2 ||     9
       Scroll            |       |     6 |    10 |     2 ||    18
 Stab: Paralysed         |       |       |     6 |     7 ||    13
       Sleeping          |       |       |       |     1 ||     1
Armor: Scale mail        |    68 |    82 |    97 |    82 ||   329
Dodge: Dodged            |    59 |    89 |    75 |    94 ||   317
Block: Buckler           |    30 |    35 |    46 |    10 ||   121
